 Dungeon Crawl Stone Soup version 0.22.0-38-g04b72b8c25 (webtiles) character file.

17853 Erymatos the Severer (level 12, 0/168 HPs)
             Began as a Minotaur Berserker on Aug 26, 2018.
             Was a High Priest of Trog.
             Slain by an orc warrior
             ... wielding a +0 halberd
              (27 damage)
             ... in a bailey.
             The game lasted 00:39:01 (12869 turns).

Erymatos the Severer (Minotaur Berserker)          Turns: 12869, Time: 00:39:01

Health: 0/168      AC: 15    Str: 31    XL:     12   Next: 22%
Magic:  11/11      EV: 17    Int:  4    God:    Trog [*****.]
Gold:   394        SH:  5    Dex: 15    Spells: 11/11 levels left

rFire    + . .     SeeInvis .   e - +2 battleaxe
rCold    . . .     Gourm    .   (shield currently unavailable)
rNeg     . . .     Faith    .   H - +3 ring mail {rF+}
rPois    +         Spirit   .   a - +2 hat
rElec    .         Reflect  +   (no cloak)
rCorr    .         Harm     .   L - +2 pair of gloves
MR       .....                  (no boots)
Stlth    ..........             b - +5 amulet of reflection
HPRegen  0.38/turn              v - ring of poison resistance
MPRegen  0.12/turn              l - +4 ring of dexterity

@: berserking, very quick
A: retaliatory headbutt, horns 2
a: Berserk, Trog's Hand, Brothers in Arms, Renounce Religion


You were in a bailey.
You worshipped Trog.
Trog was extremely pleased with you.
You were near starving.

You visited 1 branch of the dungeon, and saw 13 of its levels.
You also visited: Bailey.

You collected 676 gold pieces.
You spent 282 gold pieces at shops.

Inventory:

Hand Weapons
 e - a +2 battleaxe (weapon)
 I - a +1 hand axe of chopping
Armour
 a - a +2 hat (worn)
 H - a +3 ring mail of fire resistance (worn)
 L - a +2 pair of gloves (worn)
Jewellery
 b - a +5 amulet of reflection (around neck)
 l - a +4 ring of dexterity (right hand)
 v - a ring of poison resistance (left hand)
 C - an uncursed ring of protection from cold
 D - an uncursed ring of positive energy
 E - an uncursed ring of flight
Wands
 j - a wand of flame (30)
 y - a wand of digging (10)
 K - a wand of paralysis (10)
Scrolls
 g - 7 scrolls of remove curse
 k - 5 scrolls of identify
 m - 3 scrolls of fog
 n - 4 scrolls of amnesia
 t - 2 scrolls of vulnerability
 w - a scroll of fear
 x - 2 scrolls of magic mapping
 A - 5 scrolls of teleportation {unknown}
 B - 2 scrolls of enchant weapon
 J - 2 scrolls of immolation {unknown}
Potions
 d - 4 potions of cancellation {unknown}
 f - 5 potions of lignification {unknown}
 h - 5 potions of brilliance {unknown}
 i - 3 potions of curing
 o - 2 potions of invisibility {unknown}
 p - a potion of might {unknown}
 q - 7 potions of heal wounds {unknown}
 r - 5 potions of flight {unknown}
 s - 2 potions of agility {unknown}
 u - a potion of degeneration {unknown}
 z - 2 potions of haste {unknown}
 F - a potion of berserk rage {unknown}
 G - a potion of resistance {unknown}
Comestibles
 c - 19 rations


   Skills:
 + Level 12.3 Fighting
 + Level 15.4 Axes
 + Level 10.3 Armour
 + Level 9.0 Dodging


You had 11 spell levels left.
You didn't know any spells.
Your spell library was empty.

Dungeon Overview and Level Annotations

Branches:
Dungeon (13/15)            Temple (0/1) D:7            Lair (0/6) D:11
    Orc (0/2) D:9
 Vaults: D:13-14

Altars:
Cheibriados
Dithmenos
Elyvilon
Fedhas
Makhleb
Okawaru
Qazlal
Sif Muna
Trog
Vehumet
Wu Jian
Xom
Yredelemnul

Shops:
D:5 *   D:9 [=}*   D:13 !


Innate Abilities, Weirdness & Mutations

You reflexively headbutt those who attack you in melee.
You have a pair of horns on your head.


Message History

The orc knight hits you from afar with a bardiche!!
Unknown command.
You are too injured to fight recklessly!
Unknown command.
You are too injured to fight recklessly!
A red film seems to cover your vision as you go berserk!
You feel yourself moving faster!
You feel mighty!
You are near starving!
The orc warrior hits you from afar with a halberd!
* * * LOW HITPOINT WARNING * * *
The orc warrior completely misses you. You furiously retaliate!
You headbutt the orc warrior! You slice the orc warrior!!
You kill the orc warrior!
Trog accepts your kill.
The orc knight hits you from afar with a bardiche!!
* * * LOW HITPOINT WARNING * * *
An orc warrior comes into view. It is wielding a trident.
The orc warrior hits you from afar with a halberd!!
You die...

.≈≈≈≈≈≈≈≈(##≈≈≈≈≈≈≈##≈≈≈≈≈)≈≈(.(.
.≈≈≈≈≈≈((##≈≈#'#'#≈≈##≈≈≈≈()≈≈...
.≈≈≈≈≈≈≈(#≈≈##)#)##≈≈#≈≈≈≈(≈≈≈...
.≈≈≈≈(≈≈##≈#########≈##≈≈≈≈(≈≈...
.≈≈≈≈≈≈(##≈')#.. #)'≈##≈≈≈(≈≈≈...
.≈≈≈≈≈≈≈##≈###._ ###≈##≈≈≈≈(((...
.≈≈≈≈≈≈≈##≈')#oo #)'≈##≈≈≈≈≈≈≈...
.≈≈≈≈≈≈≈##≈####o####≈##≈≈≈≈≈≈≈...
.≈≈≈≈≈≈≈##≈≈##∩.@##≈≈#≈≈≈≈≈≈≈≈...
.≈≈≈≈≈≈≈≈≈≈≈##'''#≈≈##≈≈≈≈≈≈≈≈...
.≈≈≈≈≈≈≈≈≈≈≈##≈≈≈≈≈##≈≈≈≈(≈)≈(...
.≈≈≈≈≈≈≈≈≈≈≈##≈≈≈≈##≈≈≈≈≈≈≈≈≈≈...
.≈≈#.#≈≈≈≈≈≈#######≈≈≈≈≈≈#)#≈≈...
.≈##.∩#≈≈≈≈≈≈≈≈≈≈≈≈≈≈≈≈≈#∩.##≈.(.
.≈..^..≈≈≈≈≈≈≈≈≈≈≈≈≈≈≈≈≈..^..≈...
.≈##.##≈≈≈≈≈≈≈≈≈≈≈≈≈≈≈≈≈##.##≈...
.≈≈#.#≈≈≈≈≈≈≈≈≈≈≈≈≈≈≈≈≈≈≈#.#≈≈...


You could see an orc knight and 2 orc warriors.

Vanquished Creatures
  A slime creature (D:12)
  2 two-headed ogres
  2 tengu warriors (D:13)
  An unseen horror (D:12)
  An ugly thing (D:12)
  2 cyclopes
  Joseph (D:9)
  A gargoyle (D:10)
  A komodo dragon (D:12)
  2 trolls
  4 hippogriffs
  A spriggan (D:8)
  A shadow (D:13)
  A vampire (D:12)
  2 wraiths
  Eustachio (D:4)
  3 wyverns
  7 yaks
  A hungry ghost (D:10)
  A basilisk (D:13)
  Edmund (D:5)
  A soldier ant (D:12)
  6 porcupines (D:11)
  12 orc warriors
  3 phantoms
  4 sky beasts
  3 black bears
  A necrophage (D:12)
  An eye of draining (D:13)
  6 ogres
  3 centaurs
  6 bullfrogs
  A big kobold (D:11)
  2 wyvern skeletons
  5 scorpions
  12 wights
  6 crimson imps
  3 centaur zombies
  2 hounds
  11 orc priests
  A gnoll shaman (D:9)
  7 jellies
  2 centaur skeletons
  5 iguanas
  8 orc wizards
  9 worker ants
  A killer bee zombie (D:7)
  A hound zombie (D:10)
  2 hound skeletons
  A howler monkey skeleton (D:5)
  9 gnolls
  6 adders
  A shadow imp (D:10)
  An ooze (D:2)
  2 adder zombies
  2 adder skeletons
  2 worms (D:3)
  4 dart slugs
  10 leopard geckos
  48 orcs
  A ball python (D:2)
  8 giant cockroaches
  10 goblins
  9 hobgoblins
  27 jackals
  11 kobolds
  4 quokkas
  6 bats
  6 frilled lizards
  2 leopard gecko skeletons
  A leopard gecko zombie (D:6)
  A quokka skeleton (D:6)
  6 rats
  2 fungi (D:11)
341 creatures vanquished.

Vanquished Creatures (collateral kills)
  A troll (D:9)
  9 orc warriors
  2 ogres (D:9)
  A big kobold (D:9)
  2 gnoll sergeants (D:9)
  2 gnolls (D:9)
  8 orcs
  2 kobolds (D:11)
27 creatures vanquished.

Vanquished Creatures (others)
  3 orcs (Bailey)
  3 fungi (D:11)
6 creatures vanquished.

Grand Total: 374 creatures vanquished

Notes
Turn   | Place    | Note
-------+----------+-------------------------------------------
     0 | D:1      | Erymatos the Minotaur Berserker began the quest for the Orb.
     0 | D:1      | Reached XP level 1. HP: 19/19 MP: 0/0
   157 | D:1      | Reached XP level 2. HP: 17/27 MP: 1/1
   184 | D:1      | Reached skill level 4 in Axes
   378 | D:1      | Reached ** piety under Trog
   380 | D:1      | Reached XP level 3. HP: 27/34 MP: 2/2
   721 | D:2      | Reached XP level 4. HP: 41/41 MP: 3/3
   826 | D:2      | Found a bloodstained altar of Trog.
   828 | D:2      | Found a snail-covered altar of Cheibriados.
   829 | D:2      | Found a basalt altar of Yredelemnul.
  1384 | D:3      | Reached skill level 5 in Axes
  1635 | D:3      | Reached *** piety under Trog
  1656 | D:3      | Found a blossoming altar of Fedhas.
  1844 | D:4      | Reached XP level 5. HP: 47/47 MP: 4/4
  1870 | D:4      | Noticed Eustachio
  1878 | D:4      | Reached skill level 5 in Fighting
  2016 | D:4      | Reached XP level 6. HP: 26/56 MP: 5/5
  2217 | D:4      | Reached skill level 6 in Axes
  2356 | D:4      | Found a burning altar of Makhleb.
  2458 | D:4      | Killed Eustachio
  2458 | D:4      | Reached XP level 7. HP: 23/61 MP: 6/6
  3208 | D:5      | Entered Level 5 of the Dungeon
  3256 | D:5      | Found Adghyug's Assorted Antiques.
  3278 | D:5      | Found an iron altar of Okawaru.
  3403 | D:5      | Reached skill level 7 in Axes
  3736 | D:5      | Noticed Edmund
  3757 | D:5      | Killed Edmund
  3757 | D:5      | Reached skill level 5 in Armour
  4509 | D:6      | Reached skill level 8 in Axes
  4606 | D:6      | Found a radiant altar of Vehumet.
  4607 | D:6      | Found an iron altar of Okawaru.
  4788 | D:6      | Reached XP level 8. HP: 63/70 MP: 7/7
  4960 | D:6      | Reached **** piety under Trog
  5174 | D:7      | Found a staircase to the Ecumenical Temple.
  5232 | D:7      | Reached skill level 9 in Axes
  5621 | D:7      | Found a shadowy altar of Dithmenos.
  5630 | D:7      | Found a deep blue altar of Sif Muna.
  5813 | D:7      | Found an ornate altar of the Wu Jian Council.
  6463 | D:8      | Reached XP level 9. HP: 79/79 MP: 8/8
  6516 | D:8      | Reached skill level 5 in Dodging
  6532 | D:8      | Reached skill level 10 in Axes
  6811 | D:8      | Reached ***** piety under Trog
  7213 | D:9      | Found Pimm's Jewellery Emporium.
  7213 | D:9      | Found Heet's Armour Shoppe.
  7393 | D:9      | Bought a +1 pair of gloves of archery for 198 gold pieces
  7408 | D:9      | Noticed Joseph
  7409 | D:9      | Found a stormy altar of Qazlal.
  7424 | D:9      | Killed Joseph
  7424 | D:9      | Reached skill level 11 in Axes
  7650 | D:9      | Found a shimmering altar of Xom.
  7733 | D:9      | Found Riove's Gadget Shoppe.
  7778 | D:9      | Found Vaim's General Store.
  7786 | D:9      | Bought 2 potions of curing for 84 gold pieces
  7797 | D:9      | Found a white marble altar of Elyvilon.
  7887 | D:9      | Reached XP level 10. HP: 55/90 MP: 9/9
  8254 | D:9      | Found a staircase to the Orcish Mines.
  8274 | D:9      | Reached skill level 12 in Axes
  8625 | D:10     | Entered Level 10 of the Dungeon
  9050 | D:10     | Noticed a gargoyle
  9061 | D:10     | Killed a gargoyle
  9061 | D:10     | Reached skill level 13 in Axes
  9602 | D:11     | Noticed a cyclops
  9615 | D:11     | Reached skill level 10 in Fighting
  9619 | D:11     | Killed a cyclops
  9931 | D:11     | Reached XP level 11. HP: 99/99 MP: 10/10
  9990 | D:11     | Noticed a two-headed ogre
  9999 | D:11     | Found a staircase to the Lair.
 10003 | D:11     | Killed a two-headed ogre
 10138 | D:11     | Reached skill level 14 in Axes
 10471 | D:12     | Noticed a green ugly thing
 10478 | D:12     | Received a gift from Trog
 10488 | D:12     | Killed a green ugly thing
 11045 | D:12     | Killed an unseen horror
 11045 | D:12     | Reached skill level 15 in Axes
 11398 | D:12     | Noticed a two-headed ogre
 11407 | D:12     | Killed a two-headed ogre
 11674 | D:12     | Reached skill level 10 in Armour
 11765 | D:13     | Reached XP level 12. HP: 112/112 MP: 11/11
 11786 | D:13     | Noticed a tengu warrior
 11788 | D:13     | Noticed a tengu warrior
 11796 | D:13     | Killed a tengu warrior
 12057 | D:13     | Killed a tengu warrior
 12102 | D:13     | Found Vaqu's Distillery.
 12118 | D:13     | Found a flagged portal.
 12127 | Bailey   | Entered a bailey
 12176 | Bailey   | Received a gift from Trog
 12864 | Bailey   | Found a roughly hewn altar of Beogh.
 12869 | Bailey   | Slain by an orc warrior

Skill      XL: |  1  2  3  4  5  6  7  8  9 10 11 12 |
---------------+-------------------------------------+-----
Axes           | 4 5 6 8 9 11 13 15 | 15.4
Fighting       | 4 5 6 7 8 10 11 12 | 12.3
Armour         | 3 4 5 7 8 9 10 | 10.3
Dodging        | 3 4 6 7 8 9 |  9.0

Action                   |  1- 3 |  4- 6 |  7- 9 | 10-12 || total
-------------------------+-------+-------+-------+-------++-------
Melee: Hand axe          |    64 |   125 |   330 |   389 ||   908
       Headbutt          |     9 |    27 |    73 |   137 ||   246
       Battleaxe         |       |       |       |    86 ||    86
Invok: Berserk           |     3 |     4 |    10 |    13 ||    30
       Trog's Hand       |       |     1 |     2 |     6 ||     9
       Brothers in Arms  |       |       |     1 |     6 ||     7
  Use: Scroll            |       |       |     8 |     1 ||     9
       Potion            |       |       |       |     1 ||     1
 Stab: Sleeping          |     1 |       |       |       ||     1
  Eat: Chunk             |     1 |     6 |    15 |    12 ||    34
       Ration            |       |     1 |     4 |     6 ||    11
Armor: Animal skin       |     7 |       |       |       ||     7
       Ring mail         |    22 |    41 |    76 |   159 ||   298
Dodge: Dodged            |    53 |    94 |   162 |   253 ||   562
Block: Other             |       |       |       |    95 ||    95
       Reflection        |       |       |       |    18 ||    18
